 Dungeon Crawl Stone Soup version 0.26-a0-64-g059e62fbdb (webtiles) character file.

Game seed: 11097051455335182935

30 JohnDoe161 the Slasher (level 3, 27/27 HPs)
             Began as a Demonspawn Gladiator on June 9, 2020.
             Quit the game on level 1 of the Dungeon.
             The game lasted 00:01:40 (544 turns).

JohnDoe161 the Slasher (Demonspawn Gladiator)        Turns: 544, Time: 00:01:41

Health: 27/27      AC:  4    Str: 15    XL:     3   Next: 5%
Magic:  3/3        EV: 13    Int:  9    God:
Gold:   7          SH:  4    Dex: 14    Spells: 2/2 levels left

rFire    . . .     SeeInvis .   a - +0 long sword
rCold    . . .     Gourm    .   (no shield)
rNeg     . . .     Faith    .   b - +0 leather armour
rPois    .         Spirit   .   c - +0 helmet
rElec    .         Reflect  .   (no cloak)
rCorr    .         Harm     .   (no gloves)
MR       .....                  (no boots)
Stlth    +.........             (no amulet)
HPRegen  0.09/turn              (no ring)
MPRegen  0.08/turn              (no ring)

@: no status effects
A: large bone plates 1
a: no special abilities


You were on level 1 of the Dungeon.
You were not hungry.

You visited 1 branch of the dungeon, and saw 1 of its levels.

You collected 7 gold pieces.

Inventory:

Hand Weapons
 a - a +0 long sword (weapon)
Missiles
 d - 3 throwing nets (quivered)
Armour
 b - a +0 leather armour (worn)
 c - a +0 helmet (worn)
 e - a +3 leather armour
Scrolls
 i - a scroll of blinking {unknown}
Potions
 g - a potion of degeneration {unknown}
Comestibles
 f - a ration
 h - a chunk of flesh


   Skills:
 + Level 2.2 Fighting
 + Level 3.2 Long Blades
 + Level 2.0 Throwing
 + Level 0.3 Armour
 + Level 3.0 Dodging


You had 2 spell levels left.
You didn't know any spells.
Your spell library was empty.

Dungeon Overview and Level Annotations

Branches:
Dungeon (1/15)

Altars:


Innate Abilities, Weirdness & Mutations

You are partially covered in large bone plates. (SH +4)


Message History

You kill the hobgoblin!
The gnoll is too close now for your liking.
A gnoll is nearby!
A gnoll is nearby!
The gnoll shouts!
You slash the gnoll!
The gnoll is severely wounded.
The gnoll closely misses you.
You slash the gnoll!
You kill the gnoll!
Your Throwing skill increases to level 2!
Your Dodging skill increases to level 3!
You have reached level 3!
Your experience leads to an increase in your attributes!
Increase (S)trength, (I)ntelligence, or (D)exterity?
You feel stronger.
i - a scroll labeled RIKHLA AKAOQ
Things that are here:
a +0 flail; a gnoll corpse Are you sure you want to abandon this character and quit the game? (Confirm with "yes".)

..###.##.#..#####...###≈≈≈≈≈#
......#).....# #.....#######...
#########....# #.....#
##########.#.###.....#
.......##.....).....## ..
.......####..######## #.#
###.#..####..# ##### #.###
....#..##....#####...##### #....
....#..####.....@..#.....# ##.##.
....#..##...####.#....##.###.....
.......####.####.####.##.......#
<...#).####........##.######...#
....#..##....###.#.##.# ##)##
....#.....##.# #.#.##.# #÷#
....#..#####.# #.. ...# #.#
#####..##.##.# ###.#### ####.###
.......##.##.# .. #.......


There were no monsters in sight!

Vanquished Creatures
  A gnoll (D:1)
  5 bats (D:1)
  2 goblins (D:1)
  4 hobgoblins (D:1)
  2 kobolds (D:1)
  7 rats (D:1)
21 creatures vanquished.

Notes
Turn   | Place    | Note
-------+----------+-------------------------------------------
     0 | D:1      | JohnDoe161 the Demonspawn Gladiator began the quest for the
                  | Orb.
     0 | D:1      | Reached XP level 1. HP: 16/16 MP: 1/1
    90 | D:1      | Gained mutation: You are partially covered in large bone
                  | plates. (SH +4) [demonic ancestry]
    90 | D:1      | Reached XP level 2. HP: 18/22 MP: 2/2
   541 | D:1      | Reached XP level 3. HP: 27/27 MP: 3/3
   544 | D:1      | Quit the game

Illustrated notes

Levels and vault maps discovered:
D:1:      lemuel_arrival_room, layout_loops_cross, minmay_crystal_water,
          st_stairs_2

Skill      XL: |  1  2 |
---------------+-------+-----
Long Blades    | 3 |  3.2
Throwing       | 2 |  2.0
Dodging        | 3 |  3.0
Fighting       | |  2.2
Armour         | |  0.3

Action                   || total
-------------------------++-------
Melee: Long sword        ||    39
Armor: Leather armour    ||    14
Dodge: Dodged            ||    31
Block: Other             ||     2
       Rpst.: Long sword ||     9

Table legend:
 A = Non-vault XP
 B = Vault XP
 C = Vault XP percentage of total XP
 D = Non-vault monster count
 E = Vault monster count
 F = Vault count percentage of total count
                 A         B        C        D         E       F
            +---------+---------+-------+---------+---------+-------
      Total |      41 |       3 |   6.8 |      19 |       2 |   9.5
            +---------+---------+-------+---------+---------+-------
        D:1 |      41 |       3 |   6.8 |      19 |       2 |   9.5
            +---------+---------+-------+---------+---------+-------
